Map: Orbital Shipyard

Players

wabbajack - Winner!

  • Race: Zerg Zerg
  • League: Grandmaster

Tntedwindows

  • Race: Zerg Zerg
  • League: Grandmaster

VOD

Have the link to the VOD?

Description

Time

  • Played on: July 15, 2015, 4:06 p.m.
  • Length: 4:56
Show
View Real Time Build Order
Export as new Build Order

wabbajack Zerg - Winner!

Build Orders: Hatch First 

Get SALT Encoding   

  12  0:01  Drone  
  13  0:13  Overlord  
  13  0:17  Drone  
  14  0:22  Extractor  
  14  0:23  Drone  
  15  0:32  Drone  
  16  0:36  Drone  
  17  0:52  Hatchery  
  16  0:59  Extractor  
  15  1:07  Spawning Pool  
  15  1:11  Drone  
  15  1:14  Drone  
  16  1:19  Drone  
  17  1:35  Overlord  
  17  1:37  Drone  
  18  1:44  Drone  
  19  1:55  Queen  
  19  2:01  Spine Crawler  
  20  2:04  Queen  
  22  2:12  Metabolic Boost  
  22  2:18  Zergling x2  
  22  2:21  Zergling x2  
  24  2:26  Drone  
  24  2:27  Drone  
  27  2:30  Drone x2  
  28  2:43  Roach Warren  
  27  2:48  Drone x2  
  30  2:51  Drone  
  30  2:56  Overlord  
  30  3:01  Overlord  
  30  3:24  Roach  
  30  3:25  Roach x5  
  42  3:27  Roach  
  42  3:33  Roach  
  46  3:35  Roach  
  46  3:40  Overlord  
  48  3:51  Roach  
  48  3:53  Overlord  
  52  3:55  Roach  
  52  4:09  Spine Crawler  
  51  4:11  Drone x2  
  51  4:15  Zergling x2  
  51  4:16  Zergling x10  
  59  4:18  Zergling x2  
  59  4:21  Zergling x2  
  61  4:34  Overlord  
  61  4:35  Zergling x2  
Show
View Real Time Build Order
Export as new Build Order

Tntedwindows Zerg 

Build Orders: Hatch First 

Get SALT Encoding   

  12  0:01  Drone  
  13  0:10  Drone  
  14  0:18  Overlord  
  14  0:44  Hatchery  
  13  1:01  Spawning Pool  
  12  1:05  Drone  
  12  1:07  Drone  
  14  1:13  Drone  
  15  1:25  Drone  
  16  1:29  Drone  
  17  1:34  Extractor  
  16  1:48  Queen  
  16  1:50  Overlord  
  18  1:59  Queen  
  20  2:03  Zergling x4  
  20  2:05  Drone  
  23  2:09  Drone  
  24  2:18  Drone x2  
  26  2:29  Drone x2  
  28  2:34  Queen  
  30  2:45  Drone x3  
  33  2:54  Metabolic Boost  
  33  2:58  Extractor  
  32  3:06  Drone x3  
  32  3:07  Overlord  
  35  3:25  Drone, Overlord  
  36  3:27  Drone x3  
  36  3:30  Drone  
  36  3:31  Drone x2  
  42  3:37  Lair  
  42  3:47  Baneling Nest  
  40  3:50  Drone x2  
  40  3:51  Evolution Chamber  
  40  3:52  Drone  
  40  3:54  Drone  
  42  4:12  Roach Warren  
  41  4:29  Drone x3  
  41  4:30  Drone x5  
  49  4:31  Overlord  
  49  4:45  Spine Crawler  
  49  4:46  Spine Crawler  
  49  4:47  Spine Crawler  
  49  4:48  Spine Crawler  
Tags
 
Add a new tag
Caveats
  • Supply blocks, unpowered buildings, or Contaminate may cause inaccurate times.
  • Supply counts are checked every 10 seconds.